 Dungeon Crawl Stone Soup version 0.31-a0-426-g3a05650e59 (webtiles) character file.

Game seed: 11953930926953736829

10768 Arzdou the Grappler (level 11, -3/81 HPs)
             Began as a Demonspawn Shapeshifter on July 30, 2023.
             Was a Believer of Hepliaklqana.
             Slain by a rakshasa (illusionary)
             ... wielding a +0 whip
              (7 damage)
             ... on level 2 of the Abyss.
             The game lasted 00:18:20 (9877 turns).

Arzdou the Grappler (Demonspawn Shapeshifter)       Turns: 9877, Time: 00:18:20

Health: -3/81      AC: 10    Str: 19    XL:     11   Next: 40%
Magic:  0/17       EV: 12    Int:  8    God:    Hepliaklqana [**....]
Gold:   839        SH:  0    Dex: 13    Spells: 10/10 levels left

rFire   + +          +
                       - Unarmed
rCold   . . .        (no shield)
rNeg    . . .        E - +0 acid dragon scales
rPois   +            (helmet currently unavailable)
rElec   +            (cloak currently unavailable)
rCorr   +            (gloves unavailable)
SInv    .            (boots currently unavailable)
Will    .....        x - amulet "Keeduqy" {Spirit rElec rPois rF+++ Int-3}
Stlth   +            f - ring of flight
HPRegen 0.33/turn    r - +4 ring of protection
MPRegen 0.15/turn

%: guardian spirit
@: beast-form, flying
A: beast (slay +4), reduced essence, hooves 1, powered by pain 1, spiny 2,
demonic touch 3, [subdued magic 2]
a: Begin Untransformation, Renounce Religion, Recall Ancestor, Ancestor Identity


You were on level 2 of the Abyss.
You worshipped Hepliaklqana.
Hepliaklqana was pleased with you.
You were a hulking beast.
You visited 2 branches of the dungeon, and saw 12 of its levels.
You visited the Abyss 1 time.

You collected 839 gold pieces.

Inventory:

Hand Weapons
 p - the +7 Throatcutter {drain, coup de grace}
   (You took it off Terence on level 3 of the Dungeon)
Missiles
 l - 22 poisoned darts
Armour
 a - a +0 animal skin
 o - a +1 pair of gloves
 E - +0 acid dragon scales (worn)
Jewellery
 f - a ring of flight (left hand)
 m - a ring of ice
 q - a ring of protection from fire
 r - a +4 ring of protection (right hand)
 x - the amulet "Keeduqy" (around neck) {Spirit rElec rPois rF+++ Int-3}
   (You found it on level 5 of the Dungeon)

   [amulet of guardian spirit]

   It causes incoming damage to be divided between your reserves of health and
   magic.
   Int:       It affects your intelligence (-3).
   rF:        It renders you almost immune to fire.
   rElec:     It insulates you from electricity.
   rPois:     It protects you from poison.
 z - an amulet of the acrobat
Talismans
 c - a beast talisman (active)
Wands
 A - a wand of acid (21)
 B - a wand of digging (2)
 H - a wand of flame (8)
 L - a wand of mindburst (10)
Scrolls
 d - 5 scrolls of amnesia {unknown}
 e - 2 scrolls of vulnerability {unknown}
 g - a scroll of immolation {unknown}
 h - 3 scrolls of teleportation
 i - a scroll of enchant armour {unknown}
 j - a scroll of silence {unknown}
 k - a scroll of torment {unknown}
 s - 2 scrolls of fog {unknown}
 t - 3 scrolls of enchant weapon {unknown}
 w - 2 scrolls of revelation
 y - 2 scrolls of noise {unknown}
 F - a scroll of blinking {unknown}
 K - a scroll of butterflies {unknown}
Potions
 b - 4 potions of might
 n - 4 potions of enlightenment
 u - a potion of ambrosia
 v - 2 potions of curing
 C - a potion of invisibility {unknown}
 D - a potion of berserk rage
 I - a potion of cancellation {unknown}
 J - a potion of mutation {unknown}


   Skills:
 - Level 10.0 Fighting
 + Level 3.1 Dodging
 - Level 10.0 Unarmed Combat
 - Level 9.0 Invocations
 - Level 7.0 Shapeshifting


You had 10 spell levels left.
You didn't know any spells.
Your spell library contained the following spells:

 Spells                   Type           Power      Damage    Failure   Level
 Sting                    Tmut/Pois      0%         1d3       41%         1
 Blink                    Tloc           0%         N/A       56%         2
 Lesser Beckoning         Tloc           0%         N/A       56%         2
 Momentum Strike          Conj/Tloc      0%         3d8       56%         2
 Sublimation of Blood     Necr           0%         N/A       56%         2
 Wereblood                Tmut           0%         N/A       56%         2
 Tukima's Dance           Hex            0%         N/A       80%         3
 Passage of Golubria      Tloc           0%         N/A       99%         4
 Silence                  Hex/Air        0%         N/A       100%        5
 Yara's Violent Unravell  Hex/Tmut       0%         3d3       100%        5
 Summon Hydra             Summ           0%         N/A       100%        7
 Lehudib's Crystal Spear  Conj/Erth      0%         10d2      100%        8


Dungeon Overview and Level Annotations

Branches:
Dungeon (11/15)            Temple (1/1) D:7            Lair (0/5) D:9
    Orc (0/2) D:9

Altars:
Ashenzari
Cheibriados
Dithmenos
Fedhas
Gozag
Hepliaklqana
Kikubaaqudgha
Makhleb
Nemelex Xobeh
Okawaru
Qazlal
Ru
Sif Muna
Trog
Uskayaw
Vehumet
Wu Jian
Xom
Yredelemnul

Shops:
D:3 (   D:4 [   D:10 [

Annotations:
D:8 2 transporters, Vorhees's ghost, novice GnHu
D:11 Psyche


Innate Abilities, Weirdness & Mutations

You are a hulking beast.
Your limbs bulge with bestial killing power. (Slay +4)
Your life essence is reduced to manifest your ancestor. (-10% HP)
You have large cloven feet.
You sometimes gain a little power by taking damage.
You are mostly covered in sharp spines.
Your touch may irresistibly damage your foes and sap their willpower.
[Your spells are easier to cast, but less powerful.]


Message History

The rakshasa weaves an illusion.
The basilisk shimmers and seems to become two!
The basilisk bites Tepiltzin.
Tepiltzin closely misses the basilisk.
You turn to flesh and can move again.
Unknown command.
Unknown command.
You pummel the basilisk!!
You kill the basilisk!
The basilisk's corpse shimmers and vanishes!
Tepiltzin barely misses the basilisk.
You punch the basilisk!
The basilisk is almost dead.
The basilisk is struck by your spines.
You kill the basilisk!
Your Dodging skill increases to level 3!
The rakshasa misses you.
Tepiltzin hits the rakshasa with a +0 flail.
You hit the rakshasa.
You kick the rakshasa, but do no damage.
The rakshasa is moderately wounded.
The rakshasa hits you with a +0 whip.
* * * LOW HITPOINT WARNING * * *
You punch the rakshasa! Your kick misses the rakshasa.
The rakshasa is heavily wounded.
Tepiltzin hits the rakshasa with a +0 flail.
The injured rakshasa weaves a defensive illusion!
You punch the rakshasa!
The rakshasa is almost dead.
The rakshasa hits you with a +0 whip!
* * * LOW HITPOINT WARNING * * *
You closely miss the rakshasa.
You touch the rakshasa!
You sap its willpower!
The rakshasa is almost dead.
The rakshasa is struck by your spines.
The rakshasa hits you but does no damage.
Tepiltzin misses the rakshasa.
You completely miss the rakshasa. You kick the rakshasa.
Your punch misses the rakshasa.
The rakshasa is almost dead.
The rakshasa closely misses you. The rakshasa hits you with a +0 whip!
You die...

#... #..#######
... #.........
..##.........
###...... ..
.######....## .#
.......†.########
....RR....... .
## #..R.........
##Rh#........
#...##........
##.# ######.## #.
.. .. . .. #. ..


You could see the friendly Tepiltzin the knight and 3 rakshasas.

Vanquished Creatures
  3 death yaks (D:9)
  3 starcursed masses (Abyss:2)
  A smoke demon (Abyss:2)
  A komodo dragon (D:10)
  An ice devil (Abyss:2)
  An ancient zyme (Abyss:2)
  A hornet (D:7)
  A large abomination (Abyss:2)
  A shadow (D:9)
  2 wyverns
  11 yaks
  Grum (D:9)
  A basilisk (Abyss:2)
  2 steam dragons (D:9)
  An acid dragon (D:8)
  4 orc warriors
  3 water moccasins
  2 sky beasts
  2 ice beasts
  2 black bears (D:6)
  4 wolves (D:9)
  3 centaurs
  A phantom (D:9)
  3 kobold brigands
  4 bullfrogs
  3 scorpions (D:6)
  8 killer bees
  A howler monkey (D:10)
  3 jellies
  2 gnoll boudas
  3 orc priests
  3 hounds
  3 iguanas
  A sleepcap (D:6)
  6 orc wizards
  Terence (D:3)
  6 ogre zombies (D:9)
  Robin (D:2)
  10 gnolls
  8 adders
  A shadow imp (D:6)
  2 white imps
  An ufetubus (Abyss:2)
  5 dart slugs
  31 orcs
  8 ball pythons
  8 endoplasms
  4 giant cockroaches
  17 goblins
  15 hobgoblins
  8 jackals
  10 quokkas
  5 bats
  A frilled lizard (D:1)
  A goblin skeleton (D:9)
  A goblin zombie (D:9)
  A hobgoblin skeleton (D:9)
  2 hobgoblin zombies (D:9)
  9 kobolds
  2 orc skeletons (D:9)
  7 orc zombies (D:9)
  4 rats
261 creatures vanquished.

Vanquished Creatures (collateral kills)
  A troll (D:10)
  A phantom (D:9)
  2 orc priests (D:9)
  3 kobolds (D:10)
  A goblin skeleton (D:9)
  2 orc skeletons (D:9)
  2 orc zombies (D:9)
12 creatures vanquished.

Vanquished Creatures (others)
  An acid dragon (D:9)
  An ancestor (D:9)
2 creatures vanquished.

Grand Total: 275 creatures vanquished

Notes
Turn   | Place    | Note
-------+----------+-------------------------------------------
     0 | D:1      | Arzdou the Demonspawn Shapeshifter began the quest for the
                  | Orb.
     0 | D:1      | Reached XP level 1. HP: 15/15 MP: 1/1
   300 | D:1      | Gained mutation: You are partially covered in sharp spines.
                  | [demonic ancestry]
   300 | D:1      | Reached XP level 2. HP: 12/21 MP: 2/2
  1200 | D:2      | Discovered your monstrous ancestry.
  1200 | D:2      | Gained mutation: Your touch may inflict minor irresistible
                  | damage on your foes. [demonic ancestry]
  1200 | D:2      | Reached XP level 3. HP: 26/26 MP: 3/3
  1897 | D:2      | Noticed Robin
  1952 | D:2      | Killed Robin
  2040 | D:3      | Gained mutation: You have large cloven feet. [demonic
                  | ancestry]
  2040 | D:3      | Reached XP level 4. HP: 32/32 MP: 4/4
  2080 | D:3      | Found Boppenut's Antique Weapon Shop.
  2080 | D:3      | Noticed Terence
  2085 | D:3      | Killed Terence
  2588 | D:4      | Gained mutation: You sometimes gain a little power by
                  | taking damage. [demonic ancestry]
  2588 | D:4      | Reached XP level 5. HP: 37/37 MP: 5/5
  2818 | D:4      | Reached skill level 5 in Unarmed Combat
  2819 | D:4      | Gained mutation: You are mostly covered in sharp spines.
                  | [demonic ancestry]
  2819 | D:4      | Reached XP level 6. HP: 20/43 MP: 6/6
  3091 | D:4      | Found a hide-covered altar of Uskayaw.
  3480 | D:4      | Found Fostryvyr's Armour Shoppe.
  3642 | D:5      | Entered Level 5 of the Dungeon
  3695 | D:5      | Gained mutation: Your touch may inflict irresistible damage
                  | on your foes. [demonic ancestry]
  3695 | D:5      | Reached XP level 7. HP: 20/48 MP: 7/7
  3708 | D:5      | Found a radiant altar of Vehumet.
  3872 | D:5      | Found an ancient bone altar of Kikubaaqudgha.
  3873 | D:5      | Found a shimmering blue altar of Sif Muna.
  3878 | D:5      | Got Sif Muna's Papyrus of Therianthropy
  4001 | D:5      | Found a bloodstained altar of Trog.
  4046 | D:5      | Identified the amulet "Keeduqy" {Spirit rElec rPois rF+++
                  | Int-3}
  4314 | D:5      | Found an iron altar of Okawaru.
  4502 | D:6      | Reached XP level 8. HP: 54/54 MP: 8/8
  4581 | D:6      | Reached skill level 5 in Shapeshifting
  5216 | D:7      | Reached XP level 9. HP: 53/59 MP: 7/9
  5611 | D:7      | Found a staircase to the Ecumenical Temple.
  5676 | Temple   | Entered the Ecumenical Temple
  5683 | Temple   | Became a worshipper of Hepliaklqana the Forgotten
  6027 | D:7      | Found an opulent altar of Gozag.
  6089 | D:7      | Reached skill level 10 in Unarmed Combat
  6384 | D:8      | Reached skill level 1 in Invocations
  6429 | D:8      | Noticed Vorhees's ghost (novice GnHu)
  6756 | D:8      | Found a transporter.
  6788 | D:8      | Found a sparkling altar of Nemelex Xobeh.
  6843 | D:8      | Found a transporter.
  6937 | D:8      | Reached * piety under Hepliaklqana
  7128 | D:9      | Reached skill level 5 in Invocations
  7218 | D:9      | Gained mutation: Your touch may irresistibly damage your
                  | foes and sap their willpower. [demonic ancestry]
  7218 | D:9      | Reached XP level 10. HP: 54/58 MP: 9/15
  7225 | D:9      | Found a staircase to the Orcish Mines.
  7373 | D:9      | Found a staircase to the Lair.
  7373 | D:9      | Noticed a death yak
  7373 | D:9      | Noticed a death yak
  7424 | D:9      | Noticed a death yak
  7433 | D:9      | Killed a death yak
  7585 | D:9      | Killed a death yak
  7683 | D:9      | Killed a death yak
  7684 | D:9      | Reached skill level 5 in Fighting
  8282 | D:9      | Noticed Grum
  8286 | D:9      | Killed Grum
  8621 | D:10     | Entered Level 10 of the Dungeon
  8621 | D:10     | Found Sol Ewe's Antique Armour Shop.
  8628 | D:10     | Reached XP level 11. HP: 58/77 MP: 13/17
  8847 | D:10     | Found a stormy altar of Qazlal.
  8853 | D:10     | Found a snail-covered altar of Cheibriados.
  9038 | D:10     | Reached ** piety under Hepliaklqana
  9039 | D:10     | Remembered your ancestor Tepiltzin as a knight
  9344 | D:11     | Noticed Psyche
  9349 | Abyss:2  | Cast into level 2 of the Abyss (Psyche)
  9350 | Abyss:2  | Found a corrupted altar of Lugonu.
  9365 | Abyss:2  | Found a corrupted altar of Lugonu.
  9387 | Abyss:2  | Noticed a wretched star
  9389 | Abyss:2  | Noticed a bone dragon
  9399 | Abyss:2  | Noticed a balrug
  9404 | Abyss:2  | Found a corrupted altar of Lugonu.
  9571 | Abyss:2  | Noticed a hell knight
  9576 | Abyss:2  | Noticed a hell knight
  9576 | Abyss:2  | Noticed a hell knight
  9591 | Abyss:2  | Noticed a large abomination
  9598 | Abyss:2  | Noticed a necromancer
  9600 | Abyss:2  | Noticed a hell knight
  9666 | Abyss:2  | Noticed a starcursed mass
  9667 | Abyss:2  | Noticed a starcursed mass
  9667 | Abyss:2  | Noticed a starcursed mass
  9683 | Abyss:2  | Killed a starcursed mass
  9686 | Abyss:2  | Killed a starcursed mass
  9687 | Abyss:2  | Killed a starcursed mass
  9824 | Abyss:2  | Reached skill level 10 in Fighting
  9855 | Abyss:2  | Noticed a rakshasa
  9875 | Abyss:2  | HP: 3/81 [rakshasa (illusionary)/+0 whip (9)]
  9877 | Abyss:2  | Slain by a rakshasa (illusionary)

Illustrated notes

Levels and vault maps discovered:
D:1:      beargit_arrival_diablo_church, layout_basic
D:2:      layout_basic, chequers_serial_rivers_small_3, minmay_pentomino_v4,
          uniq_robin
D:3:      layout_basic, serial_shops, shop, kennysheep_generic_room_8,
          uniq_terence
D:4:      minmay_polygon_palace, layout_loops_ring,
          eat_drink_and_be_merry_uskayaw, serial_shops,
          nicolae_shop_just_a_little_nook, kennysheep_generic_room_6
D:5:      layout_gridville, grunt_temple_overflow_magic_moments,
          okawaru_ov_weapons_minmay, mainiacjoe_overflow_paths
D:6:      layout_cave_pools
D:7:      layout_cave_pools, lemuel_coloured_pillars_altar,
          general_overflow_altar, minmay_temple_entry_drinking_statues
D:8:      layout_loops_cross, nemelex_spade_bored_becter,
          gammafunk_ghost_stat_death, grunt_decor_resistance
D:9:      layout_basic, dpeg_lair_monsters, zombieorc1_lemuel, uniq_grum
D:10:     layout_gridville, grunt_temple_overflow_open, serial_shops, shop,
          hive_lemuel
D:11:     minmay_bloctagon_deflated, layout_rooms, uniq_psyche, uniq_sonja
Temple:   nicolae_temple_ecumenical_triangle
Abyss:2:  base: D:1, base: D:10, spicy_abyss_helpful_harpoons,
          hangedman_cross_veins

Skill      XL: |  1  2  3  4  5  6  7  8  9 10 11 |
---------------+----------------------------------+-----
Unarmed Combat | 3 4 5 6 8 9 10 | 10.0
Shapeshifting  | 3 4 5 7 |  7.0
Invocations    | 6 9 |  9.0
Fighting       | 8 10 | 10.0
Dodging        | 3 |  3.1

Action                     |  1- 3 |  4- 6 |  7- 9 | 10-12 || total
---------------------------+-------+-------+-------+-------++-------
  Melee: Unarmed           |    62 |   101 |   202 |   151 ||   516
         Touch             |     3 |     9 |    23 |    33 ||    68
         Kick              |       |    29 |    64 |    65 ||   158
         Punch             |       |     1 |    11 |     8 ||    20
 Invoke: Recall Ancestor   |       |       |     1 |     2 ||     3
         Ancestor Identity |       |       |     1 |       ||     1
         Ancestor Life: Kn |       |       |       |     1 ||     1
    Use: Potion            |       |     2 |     4 |       ||     6
         Scroll            |       |       |     5 |     3 ||     8
   Stab: Sleeping          |     1 |     2 |     1 |       ||     4
         Distracted        |       |       |       |     2 ||     2
 Armour: Animal skin       |     5 |    25 |    45 |       ||    75
         Skin              |       |       |    23 |       ||    23
         Acid dragon scale |       |       |    10 |    27 ||    37
  Dodge: Dodged            |    26 |    66 |   104 |    51 ||   247

Table legend: (Time is in decaauts)
 A = Elapsed time spent in this place.
 B = Non-inter-level travel time spent in this place.
 C = Inter-level travel time spent in this place.
 D = Time resting spent in this place.
 E = Time spent auto-exploring this place.
 F = Levels seen in this place.
 G = Mean time per level.
                   A        B        C        D        E       F      G
               +--------+--------+--------+--------+--------+-----+--------+
         Total |   9851 |   9507 |    344 |   1570 |   6536 |  13 |  757.8 |
       Dungeon |   9282 |   8950 |    332 |   1171 |   6536 |  11 |  843.8 |
        Temple |     14 |      2 |     12 |      0 |      0 |   1 |   14.0 |
         Abyss |    554 |    554 |      0 |    399 |      0 |   1 |  554.0 |
               +--------+--------+--------+--------+--------+-----+--------+

Top non-repeatable levels by time:
     D:9: 1277 daAuts
     D:6: 1119 daAuts
     D:1: 1071 daAuts
     D:4: 1066 daAuts
     D:8: 970 daAuts
     D:2: 957 daAuts
     D:7: 779 daAuts
     D:5: 770 daAuts
    D:10: 718 daAuts
 Abyss:2: 554 daAuts
     D:3: 547 daAuts
  Temple: 14 daAuts
    D:11: 4 daAuts
